 Dungeon Crawl Stone Soup version 0.29.1-12-g30fa7ad0bf (webtiles) character file.

Game seed: 1942933429028973366

120 wormed the Chopper (level 4, -1/44 HPs)
             Began as a Minotaur Berserker on Dec 25, 2022.
             Was a Believer of Trog.
             Succumbed to a goblin's poison
             ... on level 3 of the Dungeon.
             The game lasted 00:04:34 (3242 turns).

wormed the Chopper (Minotaur Berserker)             Turns: 3242, Time: 00:04:34

Health: -1/44      AC:  5    Str: 24    XL:     4   Next: 75%
Magic:  3/3        EV: 12    Int:  4    God:    Trog [**....]
Gold:   164        SH:  0    Dex:  9    Spells: 3/3 levels left

rFire   . . .      SeeInvis .   a - +0 hand axe
rCold   . . .      Faith    .   (no shield)
rNeg    . . .      Spirit   .   b - +0 animal skin
rPois   .          Reflect  .   (helmet restricted)
rElec   .          Harm     .   (no cloak)
rCorr   .          Rampage  .   o - +2 pair of gloves
Will    .....                   (no boots)
Stlth   +.........              (no amulet)
HPRegen 0.14/turn               (no ring)
MPRegen 0.08/turn               (no ring)

@: lethally poisoned (-1 -> -9), flying
A: horns 2, retaliatory headbutt, robust 1, devolution 2
a: Renounce Religion, Berserk, Trog's Hand


You were on level 3 of the Dungeon.
You worshipped Trog.
Trog was pleased with you.
You visited 1 branch of the dungeon, and saw 3 of its levels.

You collected 164 gold pieces.

Inventory:

Hand Weapons
 a - a +0 hand axe (weapon)
Armour
 b - a +0 animal skin (worn)
 o - a +2 pair of gloves (worn)
Jewellery
 j - an amulet of the acrobat
Scrolls
 f - a scroll of blinking {unknown}
 g - 2 scrolls of brand weapon {unknown}
 i - a scroll of teleportation {unknown}
 m - 2 scrolls of identify {unknown}
 n - a scroll of silence {unknown}
 p - a scroll of noise {unknown}
 q - a scroll of butterflies {unknown}
 s - a scroll of enchant armour {unknown}
Potions
 c - a potion of invisibility {unknown}
 d - a potion of might {unknown}
 e - a potion of mutation
 h - a potion of flight
 k - 2 potions of resistance {unknown}
 l - a potion of haste {unknown}
 r - a potion of cancellation {unknown}


   Skills:
 + Level 4.3 Fighting
 * Level 4.9 Axes
 + Level 3.1 Armour
 + Level 3.1 Dodging
 + Level 1.7 Shields


You had 3 spell levels left.
You didn't know any spells.
Your spell library was empty.

Dungeon Overview and Level Annotations

Branches:
Dungeon (3/15)

Altars:
Gozag
Okawaru

Shops:
D:1 =   D:2 *

Annotations:
D:3 3 runed translucent doors, JayGG's ghost, amateur MiBe


Innate Abilities, Weirdness & Mutations

You have a pair of horns on your head.
You reflexively headbutt those who attack you in melee.
You are robust. (+10% HP)
You have terrible hidden genetic defects.


Message History

You completely miss the goblin. You closely miss the goblin.
You feel very sick.
The goblin hits you with a +0 dagger of venom.
The goblin barely misses you. The goblin closely misses you.
You closely miss the goblin. Your headbutt misses the goblin.
You slash the goblin!
You kill the goblin!
Trog accepts your kill.
You barely miss the goblin.
You feel very sick. The goblin barely misses you. x2
The goblin hits you with a +0 dagger of venom.
You are lethally poisoned!
The goblin hits you but does no damage.
You barely miss the goblin. You headbutt the goblin.
You kill the goblin!
Trog accepts your kill.
You hit the goblin.
You feel very sick. The goblin hits you with a +0 club.
You closely miss the goblin.
The goblin is heavily wounded.
* * * LOW HITPOINT WARNING * * *
You feel very sick. The goblin hits you with a +0 club.
* * * LOW HITPOINT WARNING * * *
You slash the goblin!
You kill the goblin!
Trog accepts your kill.
* * * LOW HITPOINT WARNING * * *
You feel very sick.
It was a potion of mutation.
You feel extremely strange.
You feel a hidden malignance growing inside you.
The malignance inside you grows.
You feel robust.
* * * LOW HITPOINT WARNING * * *
You feel sick.
It was a potion of flight.
You feel very buoyant.
You fly up into the air.
You die...

...####.#.####..###.###
......................#
###############.#...##..##..)..
#..........<....<.......##.....
###.#####.............##.###.....
.................................
##.......................###.....
#..#####.#.......#..............
#..# #.#8...)@8#.......##.....
#..# #.#....)))#.......#....).
##..# #.#8.....8#.....#.#......
##..# #.#.......#.....#.#......
....# #.#8.....8#...#.#.#......
#...#####.#.......#...#.#.#......
#.........#8.....8#...#.#.#......
##...####.#..$.$..#...#.#.#.#####
#........#########...#.#.#.#####


There were no monsters in sight!

Vanquished Creatures
  6 adders
  A worm (D:2)
  2 orcs (D:3)
  5 endoplasms
  A giant cockroach (D:1)
  8 hobgoblins
  4 quokkas
  A ball python (D:1)
  2 bats
  4 frilled lizards
  16 goblins
  5 kobolds
  5 rats (D:1)
60 creatures vanquished.

Notes
Turn   | Place    | Note
-------+----------+-------------------------------------------
     0 | D:1      | wormed the Minotaur Berserker began the quest for the Orb.
     0 | D:1      | Reached XP level 1. HP: 19/19 MP: 0/0
   171 | D:1      | Found Deoxezum's Jewellery Shop.
   310 | D:1      | Reached XP level 2. HP: 25/27 MP: 1/1
   720 | D:1      | You fall into a shaft and drop 1 floor!
   811 | D:2      | Reached XP level 3. HP: 21/33 MP: 2/2
   918 | D:2      | Found a faded altar of an unknown god.
  1014 | D:2      | Found an iron altar of Okawaru.
  1024 | D:2      | Reached ** piety under Trog
  1025 | D:2      | Reached skill level 1 in Shields
  1965 | D:2      | Found Yniggill's General Store.
  1993 | D:2      | Reached XP level 4. HP: 39/40 MP: 3/3
  3044 | D:3      | Found a runed translucent gate.
  3044 | D:3      | Found a runed translucent gate.
  3045 | D:3      | Found a runed translucent gate.
  3046 | D:3      | Found an opulent altar of Gozag.
  3047 | D:3      | Noticed JayGG's ghost (amateur MiBe)
  3241 | D:3      | Gained mutation: You have hidden genetic defects. [potion
                  | of mutation]
  3241 | D:3      | Gained mutation: You have terrible hidden genetic defects.
                  | [potion of mutation]
  3241 | D:3      | Gained mutation: You are robust. (+10% HP) [potion of
                  | mutation]
  3241 | D:3      | HP: 1/44 [poisoned by a goblin]
  3242 | D:3      | Succumbed to a goblin's poison

Illustrated notes

Levels and vault maps discovered:
D:1:      amcnicky_arrival_wind_blow, layout_basic, serial_shops,
          nicolae_shop_trees, minmay_misc_feat_tower
D:2:      layout_loops_ring, serial_shops, shop, basic_altar,
          hellmonk_ecumenical_altar_arch_garden, chequers_serial_rivers_small_b
D:3:      kennysheep_the_goblin_king, layout_basic, ebering_ghost_gozag

Skill      XL: |  1  2  3  4 |
---------------+-------------+-----
Axes           | 4 |  4.9
Shields        | 1 |  1.7
Fighting       | 4 |  4.3
Armour         | 3 |  3.1
Dodging        | 3 |  3.1

Action                   |  1- 3 |  4- 6 || total
-------------------------+-------+-------++-------
Melee: Hand axe          |    88 |    52 ||   140
       Headbutt          |    13 |     6 ||    19
  Use: Potion            |       |     2 ||     2
 Stab: Sleeping          |     1 |       ||     1
Armor: Animal skin       |    10 |    14 ||    24
Dodge: Dodged            |    57 |    30 ||    87
